 Dungeon Crawl Stone Soup version 0.22.1-1-ga44c0e5 (webtiles) character file.

1639 poxvuibr the Merchant of Misery (level 8, 0/52 HPs)
             Began as a Demonspawn Necromancer on Oct 27, 2018.
             Was a Believer of Kikubaaqudgha.
             Slain by a wight
             ... wielding a +0 falchion
              (10 damage)
             ... on level 7 of the Dungeon.
             The game lasted 00:23:38 (7154 turns).

poxvuibr the Merchant of Misery (DsNe)              Turns: 7154, Time: 00:23:40

Health: 0/52       AC:  4    Str:  9    XL:     8   Next: 66%
Magic:  28/28      EV: 11    Int: 19    God:    Kikubaaqudgha [**....]
Gold:   279        SH:  0    Dex: 13    Spells: 20/21 levels left

rFire    . . .     SeeInvis .   j - +1 hunting sling
rCold    + . .     Gourm    .   (no shield)
rNeg     . . .     Faith    .   a - +0 robe
rPois    .         Spirit   .   (no helmet)
rElec    .         Reflect  .   i - +0 cloak
rCorr    .         Harm     .   n - +0 pair of gloves
MR       .....                  (boots unavailable)
Stlth    +.........             l - amulet of the acrobat
HPRegen  0.17/turn              z - ring of magical power
MPRegen  0.21/turn              E - ring of protection from cold (curse)

@: drained
A: hooves 3, demonic guardian 1, powered by pain 1
a: Receive Corpses, Renounce Religion


You were on level 7 of the Dungeon.
You worshipped Kikubaaqudgha.
Kikubaaqudgha was pleased with you.
You were not hungry.

You visited 1 branch of the dungeon, and saw 7 of its levels.

You collected 279 gold pieces.

Inventory:

Hand Weapons
 g - a +0 whip
 h - a +0 short sword
 j - a +1 hunting sling (weapon)
 s - a +0 mace
 x - a +2 whip of freezing
 y - a +0 rapier
Missiles
 K - 52 stones (quivered)
Armour
 a - a +0 robe (worn)
 i - a +0 cloak (worn)
 n - a +0 pair of gloves (worn)
Magical Staves
 J - an uncursed staff of power
Jewellery
 l - an amulet of the acrobat (around neck)
 z - a ring of magical power (left hand)
 E - a cursed ring of protection from cold (right hand)
 G - a +3 ring of dexterity
 L - a +5 ring of intelligence
 M - an uncursed ring of protection from fire
Wands
 w - a wand of digging (33)
 H - a wand of acid (8)
Scrolls
 d - 2 scrolls of fear {unknown}
 e - 5 scrolls of remove curse
 f - 7 scrolls of teleportation {unknown}
 m - 11 scrolls of identify {unknown}
 p - a scroll of immolation {unknown}
 r - a scroll of enchant weapon
 v - 4 scrolls of amnesia
 A - 5 scrolls of enchant armour {unknown}
 I - a scroll of magic mapping {unknown}
Potions
 b - 3 potions of berserk rage {unknown}
 o - a potion of lignification {unknown}
 q - 2 potions of curing {unknown}
 t - a potion of heal wounds {unknown}
 u - a potion of haste
 B - a potion of degeneration {unknown}
 C - a potion of brilliance {unknown}
 D - a potion of flight {unknown}
 F - a potion of ambrosia {unknown}
Comestibles
 c - 7 rations


   Skills:
 - Level 1.7(0.8) Dodging
 - Level 1.7(0.8) Stealth
 + Level 7.4(6.3) Spellcasting
 + Level 9.6(8.5) Necromancy


You had 20 spell levels left.
You knew the following spells:

 Your Spells              Type           Power        Failure   Level  Hunger
z - Pain                  Necr           ####         1%          1    None

Your spell library contained the following spells:

 Spells                   Type           Power        Failure   Level  Hunger
 Animate Skeleton         Necr           N/A          1%          1    None
 Sublimation of Blood     Necr           #####.....   1%          2    None
 Vampiric Draining        Necr           #####.....   1%          3    ##.....
 Animate Dead             Necr           N/A          3%          4    ####...
 Regeneration             Chrm/Necr      ###.......   5%          3    ##.....
 Corona                   Hex            #......      11%         1    None
 Ensorcelled Hibernation  Hex/Ice        #.....       16%         2    None
 Confuse                  Hex            #.......     32%         3    ##.....
 Dazzling Spray           Conj/Hex       #.....       32%         3    ##.....
 Tukima's Dance           Hex            #.......     32%         3    ##.....


Dungeon Overview and Level Annotations

Branches:
Dungeon (7/15)             Temple (0/1) D:4

Altars:
Ashenzari
Dithmenos
Fedhas
Gozag
Kikubaaqudgha
Ru
Sif Muna
Uskayaw
Vehumet
Wu Jian
Xom
Zin

Annotations:
D:6 Blork the orc


Innate Abilities, Weirdness & Mutations

You have hooves in place of feet.
A weak demonic guardian rushes to your aid.
You sometimes gain a little power by taking damage.


Message History

The wight barely misses you.
Your white imp hits the wight but does no damage.
Firing (i - inventory)
K - 54 stones (quivered)
Press: ? - help, Shift-Dir - straight line, f/p - wight
Aim: a wight, wielding a falchion and wearing a robe (heavily damaged)
You shoot a stone. The stone barely misses the wight.
The wight hits you with a falchion.
* * * LOW HITPOINT WARNING * * *
Your white imp hits the wight but does no damage.
Firing (i - inventory)
K - 53 stones (quivered)
Press: ? - help, Shift-Dir - straight line, f/p - wight
Aim: a wight, wielding a falchion and wearing a robe (heavily damaged)
You shoot a stone. The stone barely misses the wight.
The wight hits you with a falchion.
* * * LOW HITPOINT WARNING * * *
You feel drained.
Your white imp hits the wight.
Your white imp freezes the wight.
The wight resists.
The wight hits you with a falchion!
You die...
Kikubaaqudgha rasps: "You have failed me!
Welcome... death!"

####
####.........#
#....(....#
##).......#
#####.........#
#..........####
#..........#
#.........5# ..
..........z.#
..
##........@.#
.. #..........#
.. ############


You could see a wight and a friendly white imp.

Vanquished Creatures
  A phantom (D:4)
  An ogre (D:5)
  A centaur (D:6)
  A bullfrog (D:6)
  A scorpion (D:3)
  2 wights (D:7)
  3 crimson imps
  3 hounds
  An orc priest (D:7)
  3 bullfrog skeletons
  2 orc wizards
  Jessica (D:3)
  2 iguanas (D:5)
  A worker ant (D:4)
  2 hound skeletons (D:4)
  A howler monkey zombie (D:5)
  5 adders
  A shadow imp (D:7)
  An ooze (D:4)
  2 adder skeletons
  A worm (D:3)
  4 dart slugs
  2 leopard geckos (D:3)
  13 orcs
  2 ball pythons (D:4)
  6 bats
  2 giant cockroaches
  9 goblins
  10 hobgoblins
  9 jackals
  4 quokkas
  A frilled lizard (D:1)
  A giant cockroach zombie (D:5)
  5 kobolds
  A leopard gecko zombie (D:6)
  A quokka skeleton (D:5)
  9 rats
115 creatures vanquished.

Vanquished Creatures (collateral kills)
  Pikel (D:5)
  A phantom (D:5)
  A bullfrog (D:6)
  A wight (D:7)
  A centaur skeleton (D:5)
  2 hounds
  4 orcs
  A hobgoblin (D:4)
  A frilled lizard (D:4)
13 creatures vanquished.

Vanquished Creatures (others)
  A slave (D:5)
  A hound skeleton (D:5)
  2 orcs (D:5)
  A giant cockroach zombie (D:5)
5 creatures vanquished.

Grand Total: 133 creatures vanquished

Notes
Turn   | Place    | Note
-------+----------+-------------------------------------------
     0 | D:1      | poxvuibr the Demonspawn Necromancer began the quest for the
                  | Orb.
     0 | D:1      | Reached XP level 1. HP: 13/13 MP: 3/3
   272 | D:1      | Gained mutation: You have large cloven feet. [demonic
                  | ancestry]
   272 | D:1      | Reached XP level 2. HP: 18/19 MP: 3/5
  1009 | D:2      | Reached skill level 5 in Necromancy
  1009 | D:2      | Gained mutation: You have hoof-like feet. [demonic
                  | ancestry]
  1009 | D:2      | Reached XP level 3. HP: 24/24 MP: 7/7
  1062 | D:2      | Found a glowing silver altar of Zin.
  1062 | D:2      | Found an ancient bone altar of Kikubaaqudgha.
  1082 | D:2      | Became a worshipper of Kikubaaqudgha
  1161 | D:2      | Found a radiant altar of Vehumet.
  1245 | D:2      | Found a shattered altar of Ashenzari.
  2052 | D:3      | Gained mutation: You have hooves in place of feet. [demonic
                  | ancestry]
  2052 | D:3      | Reached XP level 4. HP: 29/30 MP: 5/8
  2147 | D:3      | Found an ornate altar of the Wu Jian Council.
  2423 | D:3      | Noticed Jessica
  2430 | D:3      | Killed Jessica
  2430 | D:3      | Reached * piety under Kikubaaqudgha
  2430 | D:3      | Identified Kikubaaqudgha's Papyrus of Dark Rites
                  | (Kikubaaqudgha gifted it to you on level 3 of the Dungeon)
  2430 | D:3      | Received a gift from Kikubaaqudgha
  2430 | D:3      | Gained mutation: A weak demonic guardian rushes to your
                  | aid. [demonic ancestry]
  2430 | D:3      | Reached XP level 5. HP: 27/35 MP: 6/10
  2638 | D:3      | Reached skill level 6 in Necromancy
  3093 | D:4      | Noticed a phantom
  3149 | D:4      | Killed a phantom
  3149 | D:4      | Reached XP level 6. HP: 13/41 MP: 5/12
  3420 | D:4      | Found an opulent altar of Gozag.
  3711 | D:4      | Found a staircase to the Ecumenical Temple.
  3957 | D:5      | Entered Level 5 of the Dungeon
  3962 | D:5      | Reached skill level 7 in Necromancy
  4010 | D:5      | Reached ** piety under Kikubaaqudgha
  4016 | D:5      | Noticed a slave
  4022 | D:5      | Noticed Pikel
  4030 | D:5      | Noticed a slave
  4031 | D:5      | Noticed a slave
  4032 | D:5      | Noticed a slave
  4044 | D:5      | Killed Pikel
  4044 | D:5      | Reached skill level 5 in Spellcasting
  4044 | D:5      | Reached skill level 8 in Necromancy
  4044 | D:5      | Gained mutation: You sometimes gain a little power by
                  | taking damage. [demonic ancestry]
  4044 | D:5      | Reached XP level 7. HP: 6/46 MP: 1/15
  4572 | D:5      | Reached XP level 8. HP: 48/52 MP: 13/17
  5169 | D:6      | Found a hide-covered altar of Uskayaw.
  5287 | D:6      | Noticed a dagger
  5288 | D:6      | Noticed a dagger
  5398 | D:6      | Noticed Blork the orc
  5754 | D:6      | Reached skill level 9 in Necromancy
  5989 | D:6      | Found a shadowy altar of Dithmenos.
  6382 | D:6      | Found a blossoming altar of Fedhas.
  6391 | D:6      | Found a deep blue altar of Sif Muna.
  6391 | D:6      | Found a sacrificial altar of Ru.
  6392 | D:6      | Found a shimmering altar of Xom.
  7154 | D:7      | Slain by a wight

Skill      XL: |  1  2  3  4  5  6  7  8 |
---------------+-------------------------+-----
Necromancy     | 5 6 8 9 |  9.6
Spellcasting   | 3 4 5 6 7 |  7.4
Dodging        | |  1.7
Stealth        | |  1.7

Action                   |  1- 3 |  4- 6 |  7- 9 || total
-------------------------+-------+-------+-------++-------
Melee: Whip              |       |       |    57 ||    57
       Kick              |       |       |    16 ||    16
 Fire: Hunting sling     |    35 |    77 |    82 ||   194
 Cast: Pain              |    54 |    89 |    60 ||   203
  Use: Scroll            |       |     3 |       ||     3
 Stab: Distracted        |       |       |     1 ||     1
       Sleeping          |       |       |     1 ||     1
  Eat: Chunk             |     3 |     6 |     8 ||    17
       Ration            |       |       |     1 ||     1
Armor: Robe              |     1 |    15 |    16 ||    32
Dodge: Dodged            |    11 |    46 |    77 ||   134
